AoeStats
← Malik Bhai

Arabian Desert

509345776Analyzed
1v1 RM · 5d ago on Sep 26, 2026· 35m 30s· 2 players
Game mode
Random Map
Map size
Tiny (2 player)
Population
200
Speed
Normal
Resources
Standard
Victory
Conquest
Starting age
Dark Age
Ending age
Imperial Age
RankedLock teamsTeams togetherTeam positionsShared explorationLock speedFull tech treeHidden civsTurbo modeCheats
Victory
Defeat
🇵🇰 Khmer · Pakistan
1652
+16
🇨🇳 Mongols · China
1643
-16
红蜻蜓101
8:35 Loom
11:18 Feudal Age
16:16 Castle Age
15:49 Scale Barding Armor
Malik Bhai
6:35 Loom
8:48 Feudal Age
9:47 Double-Bit Axe
10:25 Fletching
17:03 Padded Archer Armor
20:37 Castle Age
21:15 Bodkin Arrow
20:40 Crossbowman
28:43 Horse Collar
35:11 Imperial Age
33:03 Leather Archer Armor
Connection lost

Rejoining the realm…

Still unreachable

The connection could not be restored.

Session expired

The server has moved on; the page needs a fresh start.